 Dungeon Crawl Stone Soup version 0.27.0-1-g7a089689b8 (webtiles) character file.

Game seed: 18045163923803851860

2127 inmateoo the Grappler (level 9, -4/88 HPs)
             Began as a Troll Arcane Marksman on Aug 1, 2021.
             Was a Priest of Cheibriados.
             Slain by a hornet (10 damage)
             ... while paralysed by a hornet
             ... on level 7 of the Dungeon.
             The game lasted 00:09:18 (5621 turns).

inmateoo the Grappler (Troll Arcane Marksman)       Turns: 5621, Time: 00:09:19

Health: -4/88      AC:  8    Str: 33    XL:     9   Next: 8%
Magic:  11/11      EV:  1    Int: 17    God:    Cheibriados [***...]
Gold:   531        SH:  0    Dex: 16    Spells: 8/12 levels left

rFire    . . .     SeeInvis .     - Unarmed
rCold    . . .     Faith    .   (no shield)
rNeg     . . .     Spirit   .   q - +0 troll leather armour
rPois    +         Reflect  .   (helmet restricted)
rElec    .         Harm     .   s - +1 cloak {Stlth+}
rCorr    .         Rampage  .   (gloves unavailable)
Will     .....                  (boots unavailable)
Stlth    ++........             (no amulet)
HPRegen  2.24/turn              e - ring of poison resistance
MPRegen  0.12/turn              o - +6 ring of strength

@: paralysed, slowed, very slow
A: large, unfitting armour, claws 3, regeneration 1, shaggy fur 1, tough skin 1
a: Renounce Religion, Bend Time, Temporal Distortion


You were on level 7 of the Dungeon.
You worshipped Cheibriados.
Cheibriados was most pleased with you.
You visited 2 branches of the dungeon, and saw 8 of its levels.
You also visited: Ossuary.

You collected 531 gold pieces.

Inventory:

Missiles
 b - 4 large rocks
 c - 2 throwing nets
 k - 110 stones (quivered)
Armour
 q - a +0 troll leather armour (worn)
 s - a +1 cloak of stealth (worn)
Jewellery
 e - a ring of poison resistance (left claw)
 o - a +6 ring of strength (right claw)
Wands
 h - a wand of polymorph (7)
 j - a wand of flame (33)
 p - a wand of mindburst (11)
 r - a wand of charming (7)
Scrolls
 d - a scroll of enchant armour
 l - 2 scrolls of amnesia
Potions
 a - a potion of magic
 f - a potion of resistance
 g - 6 potions of curing
 i - 2 potions of lignification {unknown}
 m - 2 potions of ambrosia
 n - 3 potions of invisibility {unknown}
 t - 2 potions of flight {unknown}


   Skills:
 + Level 5.3 Fighting
 - Level 1.7 Throwing
 - Level 2.0 Armour
 - Level 3.0 Dodging
 * Level 8.7 Unarmed Combat
 - Level 2.0 Spellcasting
 - Level 2.0 Hexes


You had 8 spell levels left.
You knew the following spells:

 Your Spells              Type           Power      Damage    Failure   Level
a - Corona                Hex            8%         N/A       10%         1
b - Slow                  Hex            8%         N/A       14%         2
c - Sandblast             Erth           2%         2d4       22%         1

Your spell library contained the following spells:

 Spells                   Type           Power      Damage    Failure   Level
 Animate Skeleton         Necr           2%         N/A       22%         1
 Foxfire                  Conj/Fire      4%         2x1d4     22%         1
 Pain                     Necr           4%         1d4       22%         1
 Summon Small Mammal      Summ           4%         N/A       22%         1
 Passwall                 Tmut/Erth      0%         N/A       32%         2
 Inner Flame              Hex/Fire       5%         N/A       38%         3
 Portal Projectile        Hex/Tloc       10%        N/A       38%         3
 Summon Guardian Golem    Hex/Summ       5%         N/A       38%         3
 Call Canine Familiar     Summ           1%         N/A       54%         3
 Conjure Flame            Conj/Fire      1%         6-21      54%         3
 Vampiric Draining        Necr           0%         2d6       54%         3
 Cause Fear               Hex            4%         N/A       67%         4
 Lee's Rapid Deconstruct  Erth           0%         3d5*      99%         5


Dungeon Overview and Level Annotations

Branches:
Dungeon (7/15)             Temple (1/1) D:4         Ossuary (visited)

Altars:
Ashenzari
Cheibriados
Hepliaklqana
Kikubaaqudgha
Nemelex Xobeh
Okawaru
Qazlal
Trog
Vehumet
Yredelemnul
Zin
The Shining One


Innate Abilities, Weirdness & Mutations

You are too large for most types of armour.
You have claws for hands.
Your natural rate of healing is unusually fast.
You are covered in fur. (AC +1)
You have tough skin. (AC +1)


Message History

The bullfrog hits you but does no damage.
The hornet stings you! The bullfrog hits you.
The hornet stings you but does no damage.
You scratch the hornet but do no damage.
The hornet is lightly wounded.
The bullfrog hits you. The hornet stings you!
You feel yourself slow down. The orc barely misses you.
Unknown command.
You scratch the hornet but do no damage.
The hornet is lightly wounded.
The bullfrog hits you. The hornet stings you. The bullfrog hits you.
A jelly comes into view.
The orc closely misses you. The hornet stings you!
Unknown command.
Okay, then.
Okay, then.
Okay, then.
You fail to use your ability.
The bullfrog hits you but does no damage.
The hornet stings you.
You suddenly lose the ability to move!
The bullfrog hits you. The orc hits you with a +0 mace.
* * * LOW HITPOINT WARNING * * *
The hornet stings you but does no damage.
You feel yourself speed up. The bullfrog hits you.
* * * LOW HITPOINT WARNING * * *
The orc hits you with a +0 mace.
* * * LOW HITPOINT WARNING * * *
The hornet stings you!
* * * LOW HITPOINT WARNING * * *
The bullfrog hits you.
* * * LOW HITPOINT WARNING * * *
The hornet stings you.
* * * LOW HITPOINT WARNING * * *
You feel yourself slow down. The bullfrog hits you.
* * * LOW HITPOINT WARNING * * *
The orc hits you with a +0 mace.
* * * LOW HITPOINT WARNING * * *
The hornet stings you!
You die...

.. ....# ##.# #.## ⌠# #.
#(#.# #.###..# ##. #.
#.#.####....#.#
#..###.###.#.#<.........
....$....#.#.####....##.
.......J<#...# #.....#.
............♣♣♣♣♣♣♣♣♣.#.
.......y...♣..(......♣#.
.......@F.#♣.≈≈≈≈≈≈≈.♣#.
.......o..#♣≈..≈≈≈..≈♣#.
..........#♣≈.≈...≈.≈♣##
..........#♣≈.≈._.≈.≈♣..
..........#♣≈.≈...≈.≈♣.#
..........#♣≈..≈≈≈..≈♣##
..........#♣.≈≈≈≈≈≈≈.♣ #
..........#♣.........♣##
#.♣♣♣♣♣♣♣♣♣.##


You could see a hornet, a bullfrog, a jelly (wandering) and an orc.

Vanquished Creatures
  A steam dragon (D:5)
  2 water moccasins (D:6)
  An orc warrior (D:7)
  A sky beast (D:6)
  A necrophage (D:5)
  3 ogres
  A kobold brigand (D:5)
  A phantom (D:5)
  Blork the orc (D:4)
  A bullfrog (D:7)
  A gnoll sergeant (D:4)
  2 scorpions
  A water moccasin skeleton (D:4)
  2 jellies (D:5)
  A bullfrog zombie (D:5)
  A centaur zombie (Ossuary)
  A hound (D:6)
  Crazy Yiuf (D:6)
  A bullfrog skeleton (D:5)
  6 iguanas
  Ijyb (D:4)
  4 orc wizards (D:5)
  A killer bee zombie (D:6)
  3 mummies
  4 gnolls
  5 adders
  A shadow imp (D:7)
  An ufetubus (D:6)
  2 dart slugs
  14 orcs
  6 bats
  8 endoplasms
  4 giant cockroaches
  5 goblins
  2 hobgoblins (D:4)
  9 quokkas
  6 ball pythons
  2 frilled lizards
  A gnoll zombie (Ossuary)
  2 goblin zombies (Ossuary)
  4 hobgoblin zombies (Ossuary)
  5 kobolds
  A kobold zombie (D:6)
  7 orc zombies
  2 rats
130 creatures vanquished.

Vanquished Creatures (others)
  10 fungi
10 creatures vanquished.

Grand Total: 140 creatures vanquished

Notes
Turn   | Place    | Note
-------+----------+-------------------------------------------
     0 | D:1      | inmateoo the Troll Arcane Marksman began the quest for the
                  | Orb.
     0 | D:1      | Reached XP level 1. HP: 18/18 MP: 1/1
   294 | D:1      | Reached skill level 1 in Fighting
   294 | D:1      | Reached skill level 1 in Unarmed Combat
   298 | D:1      | Found a faded altar of an unknown god.
   630 | D:1      | Reached XP level 2. HP: 23/27 MP: 2/2
  1056 | D:2      | Reached skill level 2 in Unarmed Combat
  1122 | D:2      | Reached XP level 3. HP: 33/33 MP: 3/3
  1250 | D:2      | Learned a level 2 spell: Slow
  1532 | D:2      | Learned a level 1 spell: Sandblast
  2078 | D:3      | Reached XP level 4. HP: 41/41 MP: 4/4
  2220 | D:3      | Found a stormy altar of Qazlal.
  2565 | D:4      | Noticed Ijyb
  2572 | D:4      | Killed Ijyb
  2573 | D:4      | Reached skill level 3 in Unarmed Combat
  2661 | D:4      | Found a staircase to the Ecumenical Temple.
  2671 | Temple   | Entered the Ecumenical Temple
  2691 | Temple   | Became a worshipper of Cheibriados the Contemplative
  2759 | D:4      | Reached XP level 5. HP: 45/49 MP: 5/5
  2958 | D:4      | Reached skill level 1 in Armour
  3275 | D:4      | Noticed an ogre
  3276 | D:4      | Noticed Blork the orc
  3279 | D:4      | Killed an ogre
  3279 | D:4      | Reached * piety under Cheibriados
  3280 | D:4      | Reached XP level 6. HP: 50/57 MP: 7/7
  3299 | D:4      | Killed Blork the orc
  3417 | D:5      | Entered Level 5 of the Dungeon
  3468 | D:5      | Reached skill level 4 in Unarmed Combat
  3529 | D:5      | Reached XP level 7. HP: 55/66 MP: 8/8
  3536 | D:5      | Noticed a steam dragon
  3545 | D:5      | Killed a steam dragon
  3628 | D:5      | Reached skill level 5 in Unarmed Combat
  3821 | D:5      | Found a basalt altar of Yredelemnul.
  3963 | D:4      | Reached skill level 6 in Unarmed Combat
  3963 | D:4      | Reached XP level 8. HP: 61/78 MP: 10/10
  3992 | D:4      | Reached ** piety under Cheibriados
  4014 | D:5      | Found a faded altar of an unknown god.
  4015 | D:5      | Found a hazy altar of Hepliaklqana.
  4169 | D:6      | Found a sand-covered staircase.
  4174 | Ossuary  | Entered an ossuary
  4427 | D:6      | Reached skill level 7 in Unarmed Combat
  4623 | D:6      | Found an iron altar of Okawaru.
  4811 | D:6      | Reached skill level 8 in Unarmed Combat
  4946 | D:6      | Reached skill level 5 in Fighting
  5429 | D:6      | Found a runed translucent door.
  5430 | D:6      | Noticed Crazy Yiuf
  5437 | D:6      | Killed Crazy Yiuf
  5495 | D:7      | Reached *** piety under Cheibriados
  5496 | D:7      | Reached XP level 9. HP: 62/88 MP: 11/11
  5556 | D:7      | Found a broken altar of Ashenzari.
  5619 | D:7      | Paralysed by a hornet for 3 turns
  5621 | D:7      | Slain by a hornet

Illustrated notes

Levels and vault maps discovered:
D:1:      nicolae_arrival_washed_ashore, layout_loops_corners,
          ebering_ecumenical_altar_ruins
D:2:      layout_basic
D:3:      layout_loops_ring, nicolae_qazlal_eye_of_the_storm,
          hangedman_abyss_or_decor_stabs, st_stairs_6, kennysheep_generic_room_9
D:4:      layout_loops_cross, minmay_temple_entry_arrows, serial_aquarium,
          aquarium_bridge_square [aquarium_subvault_window,
          aquarium_subvault_window, aquarium_subvault_window,
          aquarium_subvault_bridge], aquarium_window_corner, aquarium_window_1,
          aquarium_window_2, aquarium_view_2g, aquarium_view_2b,
          aquarium_pool_2, uniq_blork_the_orc, uniq_ijyb
D:5:      layout_basic, beargit_hepliaklqana_dungeon_heroes,
          mainiacjoe_overflow_brackets, kennysheep_dice
D:6:      layout_layer_cave, kennysheep_mini, nicolae_ossuary_entry_giza,
          uniq_crazy_yiuf_cottage
D:7:      cheibrodos_helix_gallery, layout_basic, mainiacjoe_overflow_paths,
          hellmonk_ghost_happy_afterlife, bh_walls_and_bars
Temple:   dshaligram_water_room_temple

Skill      XL: |  1  2  3  4  5  6  7  8 |
---------------+-------------------------+-----
Fighting       | 1 2 3 5 |  5.3
Unarmed Combat | 1 2 3 4 6 8 |  8.7
Dodging        | 2 3 |  3.0
Armour         | 1 2 |  2.0
Spellcasting   | 2 |  2.0
Throwing       | |  1.7
Hexes          | |  2.0

Action                   |  1- 3 |  4- 6 |  7- 9 || total
-------------------------+-------+-------+-------++-------
Melee: Unarmed           |   104 |   118 |   174 ||   396
       Punch             |     1 |     4 |     6 ||    11
  Use: Scroll            |     2 |     7 |     4 ||    13
 Stab: Sleeping          |     1 |       |       ||     1
Armor: Robe              |    50 |    14 |       ||    64
       Troll leather arm |       |    21 |    43 ||    64
Dodge: Dodged            |    38 |    38 |   101 ||   177
